 Dungeon Crawl Stone Soup version 0.29-a0-234-g0dae59b3db (webtiles) character file.

Game seed: 15130998182011060649

177 spaghetti the Digger (level 5, -1/31 HPs)
             Began as an Octopode Earth Elementalist on Mar 2, 2022.
             Was a Follower of Dithmenos.
             Slain by a gnoll
             ... wielding a +0 spear
              (8 damage)
             ... on level 3 of the Dungeon.
             The game lasted 00:03:29 (2847 turns).

spaghetti the Digger (Octopode Earth Elementalist)  Turns: 2847, Time: 00:03:29

Health: -1/31      AC:  1    Str:  7    XL:     5   Next: 57%
Magic:  19/19      EV: 13    Int: 20    God:    Dithmenos [*.....]
Gold:   168        SH:  0    Dex: 12    Spells: 10/11 levels left

rFire   . . .      SeeInvis .   C - +5 club {mace}
rCold   . . .      Faith    .   (no shield)
rNeg    . . .      Spirit   .   (helmet restricted)
rPois   .          Reflect  .   (no amulet)
rElec   .          Harm     .   b - ring of magical power
rCorr   .          Rampage  .   (no ring)
Will    .....                   (no ring)
Stlth   +++.......              (no ring)
HPRegen 0.10/turn               (no ring)
MPRegen 0.16/turn               (no ring)
                                (no ring)
                                (no ring)

@: wreathed by umbra
A: almost no armour, amphibious, 8 rings, camouflage 1, gelatinous body 1,
(nimble swimmer 1), tentacles
a: Renounce Religion


You were on level 3 of the Dungeon.
You worshipped Dithmenos.
Dithmenos was aware of your devotion.
You visited 1 branch of the dungeon, and saw 3 of its levels.

You collected 168 gold pieces.


Innate Abilities, Weirdness & Mutations

You cannot wear most types of armour.
You are amphibious.
You can wear up to eight rings at the same time.
Your skin changes colour to match your surroundings (Stealth+).
Your rubbery body absorbs attacks. (AC +1, EV +1)
((You are camouflaged when in or above water. (Stealth+)))
You have tentacles for arms and can constrict up to eight enemies at once.


   Skills:
 - Level 2.0 Dodging
 - Level 2.6 Stealth
 + Level 3.7 Spellcasting
 - Level 1.0 Transmutations
 + Level 4.9 Earth Magic


You had 10 spell levels left.
You knew the following spells:

 Your Spells              Type           Power      Damage    Failure   Level
a - Sandblast             Erth           46%        2d11      1%          1

Your spell library contained the following spells:

 Spells                   Type           Power      Damage    Failure   Level
 Passwall                 Tmut/Erth      12%        N/A       6%          2
 Stone Arrow              Conj/Erth      26%        3d8       14%         3
 Corpse Rot               Necr/Air       6%         N/A       21%         2
 Poisonous Vapours        Pois/Air       6%         N/A       21%         2
 Petrify                  Tmut/Erth      15%        N/A       36%         4

Inventory:

Hand Weapons
 C - a +5 club (weapon) {mace}
   (You took it off Jessica on level 3 of the Dungeon)
Missiles
 a - 27 stones {throwing}
 j - 3 poisoned darts {throwing}
Jewellery
 b - a ring of magical power (left tentacle)
   (You found it on level 3 of the Dungeon)
Wands
 d - a wand of paralysis (2)
   (You found it on level 3 of the Dungeon)
Scrolls
 c - a scroll of fog
 e - a scroll of blinking {!r}
 k - a scroll of vulnerability {unknown}
 y - a scroll of noise {unknown}
 B - 2 scrolls of teleportation {unknown}

Dungeon Overview and Level Annotations

Branches:
Dungeon (3/15)

Altars:
Dithmenos

### #..
#.#######
#.##....#
#g##.##.#
#)##.##.#
#@##.##.#
###.##.##.#
#.......#.#
#.#.#####.#
#.#.##....#
#.#.##.####
#.#.##.#######
###
#.............
##>#
##.###########
#...


You could see a gnoll.


Message History

Dithmenos accepts your prayer! Dithmenos welcomes you!
You are shrouded in an aura of darkness!
You now have 157 gold pieces (gained 12).
You see here a +0 short sword {short}.
You open the door.
There is an open door here.
Key pressed, stopping explore.
Found an escape hatch in the ceiling. 😎 MP[+1]
Your mp is fully restored (19).
There is an escape hatch in the ceiling here.
Key pressed, stopping explore.
e - a scroll of blinking {!r} You see here a +0 leather armour.
A bat comes into view.
A bat is nearby!
A bat is nearby!
The helpless bat fails to defend itself.
You hit the bat. Your grab misses the bat. The bat misses you.
The bat barely misses you.
You hit the bat.
You kill the bat!
Dithmenos accepts your kill.
No target in view!
No target in view!
No target in view!
No target in view!
No target in view!
No target in view!
No target in view!
No target in view!
No target in view!
No target in view!
You now have 168 gold pieces (gained 11).
You see here a bat corpse.
You open the door.
There is an open door here.
You open the door.
There is an open door here.
Key pressed, stopping explore.
Key pressed, stopping explore. 3 gnolls come into view.
The gnoll shouts!
The gnoll shouts!
You hit the gnoll but do no damage. You grab the gnoll. You squeeze the gnoll!
You constrict the gnoll. The gnoll misses you.
You thump the gnoll!
You kill the gnoll!
Dithmenos accepts your kill. The gnoll barely misses you.
The gnoll barely misses you. The gnoll closely misses you.
Things that are here:
a +0 flail {mace}; a gnoll corpse You hit the gnoll.
You grab the gnoll.
You constrict the gnoll, but do no damage.
The gnoll misses you. The gnoll hits you with a +0 spear.
The gnoll barely misses you. 😕 HP[-4]
You take 4 damage, and now have 27/31 hp.
You hit the gnoll.
You constrict the gnoll, but do no damage.
The gnoll hits you with a +0 spear. The gnoll barely misses you. 😮 HP[-5]
You take 5 damage, and now have 22/31 hp.
You are too injured to fight recklessly!
You are too injured to fight recklessly!
You are too injured to fight recklessly!
You are too injured to fight recklessly!
You are too injured to fight recklessly!
You are too injured to fight recklessly!
You are too injured to fight recklessly!
You are too injured to fight recklessly!
You are too injured to fight recklessly!
You are too injured to fight recklessly!
You are too injured to fight recklessly!
You are too injured to fight recklessly!
You are too injured to fight recklessly!
You are too injured to fight recklessly!
You are too injured to fight recklessly!
You are too injured to fight recklessly!
You are too injured to fight recklessly!
You barely miss the gnoll. You constrict the gnoll.
The gnoll barely misses you. The gnoll misses you.
You hit the gnoll.
You constrict the gnoll, but do no damage.
The gnoll misses you.
The gnoll hits you from afar with a +0 spear!
* * * LOW HITPOINT WARNING * * *
The gnoll barely misses you.
The gnoll hits you from afar with a +0 spear!
* * * LOW HITPOINT WARNING * * *
😱 HP[-15]
You take 15 damage, and now have 7/31 hp.
MASSIVE DAMAGE!! (PAUSE)
You hit the gnoll but do no damage. You squeeze the gnoll.
You kill the gnoll!
Dithmenos accepts your kill.
The gnoll hits you from afar with a +0 spear!
You die...

Skill      XL: |  1  2  3  4 |
---------------+-------------+-----
Earth Magic    | 4 |  4.9
Spellcasting   | 3 |  3.7
Dodging        | |  2.0
Stealth        | |  2.6
Transmutations | |  1.0

Action                   |  1- 3 |  4- 6 || total
-------------------------+-------+-------++-------
Melee: Unarmed           |     3 |       ||     3
       Constrict         |     2 |     2 ||     4
       Club              |       |    10 ||    10
       Tentacles         |       |     2 ||     2
 Cast: Sandblast         |    61 |    26 ||    87
  Use: Scroll            |     3 |       ||     3
 Stab: Sleeping          |       |     1 ||     1
Armor: Skin              |     1 |     2 ||     3
Dodge: Dodged            |    19 |    14 ||    33

Levels and vault maps discovered:
D:1:      minmay_arrival_nine_rooms, layout_basic
D:2:      layout_loops_ring, minmay_misc_feat_encased,
          nicolae_figureground_sparkle, uniq_robin
D:3:      layout_basic, serial_shops, nicolae_shop_behind_doors,
          chequers_ecumenical_altar_island, grunt_ministairs_4,
          chequers_serial_rivers_large_a, uniq_jessica

Notes
Turn   | Place    | Note
-------+----------+-------------------------------------------
     0 | D:1      | spaghetti the Octopode Earth Elementalist began the quest
                  | for the Orb.
     0 | D:1      | Reached XP level 1. HP: 11/11 MP: 3/3
     0 | D:1      | magus.rc [v1.9.6]
   111 | D:1      | Reached XP level 2. HP: 14/17 MP: 3/5
   680 | D:1      | You pick up a book of Vapours and begin reading...
   680 | D:1      | You add the spells Poisonous Vapours and Corpse Rot to your
                  | library.
   975 | D:2      | Reached XP level 3. HP: 21/21 MP: 4/6
  1178 | D:2      | Noticed Robin
  1245 | D:2      | HP: 4/21 [Robin/+0 trident (7)]
  1246 | D:2      | Killed Robin
  1247 | D:2      | Reached skill level 4 in Earth Magic
  1258 | D:2      | HP: 2/21 [hobgoblin[Robin] (3)]
  1714 | D:2      | Reached XP level 4. HP: 18/27 MP: 3/8
  1851 | D:2      | Reached skill level 3 in Spellcasting
  2236 | D:3      | Reached XP level 5. HP: 31/31 MP: 5/10
  2315 | D:3      | Noticed Jessica
  2320 | D:3      | Killed Jessica
  2622 | D:3      | Found a faded altar of an unknown god.
  2642 | D:3      | Prayed at the altar of an unknown god.
  2642 | D:3      | Became a worshipper of Dithmenos the Shadowed
  2642 | D:3      | Reached * piety under Dithmenos
  2846 | D:3      | HP: 7/31 [gnoll/+0 spear (7)]
  2847 | D:3      | Slain by a gnoll

Vanquished Creatures
  A hound (D:2)
  Jessica (D:3)
  Robin (D:2)
  4 adders
  2 gnolls (D:3)
  A dart slug (D:2)
  7 bats
  2 endoplasms
  2 giant cockroaches (D:1)
  10 goblins
  7 hobgoblins
  2 jackals (D:1)
  6 kobolds
  4 quokkas
  6 ball pythons
  A frilled lizard (D:2)
  6 rats
63 creatures vanquished.

Table legend:
 A = Non-vault XP
 B = Vault XP
 C = Vault XP percentage of total XP
 D = Non-vault monster count
 E = Vault monster count
 F = Vault count percentage of total count
                 A         B        C        D         E       F
            +---------+---------+-------+---------+---------+-------
      Total |     190 |      78 |  29.1 |      47 |      16 |  25.4
            +---------+---------+-------+---------+---------+-------
        D:1 |      31 |       0 |   0.0 |      20 |       0 |   0.0
        D:2 |      92 |      39 |  29.8 |      16 |      13 |  44.8
        D:3 |      67 |      39 |  36.8 |      11 |       3 |  21.4
            +---------+---------+-------+---------+---------+-------

Illustrated notes

Table legend:
 A = Kills in this place as a percentage of kills in entire the game.
 B = Kills by you in this place as a percentage of kills by you in the entire game.
 C = Kills by friends in this place as a percentage of kills by friends in the entire game.
 D = Other kills in this place as a percentage of other kills in the entire game.
 E = Experience gained in this place as a percentage of experience gained in the entire game.
 F = Experience gained in this place divided by the number of levels of this place that you have seen.
                   A       B       C       D       E      F
               +-------+-------+-------+-------+-------+----------------------
         Total | 100.0 | 100.0 |   N/A |   N/A | 100.0 |  89.3
       Dungeon | 100.0 | 100.0 |   N/A |   N/A | 100.0 |  89.3
               +-------+-------+-------+-------+-------+----------------------

Table legend: (Time is in decaauts)
 A = Elapsed time spent in this place.
 B = Non-inter-level travel time spent in this place.
 C = Inter-level travel time spent in this place.
 D = Time resting spent in this place.
 E = Time spent auto-exploring this place.
 F = Levels seen in this place.
 G = Mean time per level.
                   A        B        C        D        E       F      G
               +--------+--------+--------+--------+--------+-----+--------+
         Total |   2850 |   2819 |     31 |    554 |   1896 |   3 |  950.0 |
       Dungeon |   2850 |   2819 |     31 |    554 |   1896 |   3 |  950.0 |
               +--------+--------+--------+--------+--------+-----+--------+

Top non-repeatable levels by time:
     D:2: 1197 daAuts
     D:3: 856 daAuts
     D:1: 795 daAuts
